 Dungeon Crawl Stone Soup version 0.30-b1-2-g02819fbbbe (webtiles) character file.

Game seed: 16281982664255790918

14797 YayJohn the Carver (level 11, 0/106 HPs)
             Began as a Minotaur Gladiator on July 30, 2023.
             Was the Champion of Cheibriados.
             Succumbed to Sonja's curare-tipped dart
             ... on level 11 of the Dungeon.
             The game lasted 02:25:54 (12178 turns).

YayJohn the Carver (Minotaur Gladiator)            Turns: 12178, Time: 02:25:55

Health: 0/106      AC: 19    Str: 39    XL:     11   Next: 93%
Magic:  10/10      EV: 16    Int: 20    God:    Cheibriados [******]
Gold:   283        SH:  0    Dex: 26    Spells: 7/10 levels left

rFire   + . .        a - +4 long sword (protect)
rCold   . . .        (no shield)
rNeg    . . .        y - +1 plate armour
rPois   .            c - +0 hat
rElec   .            v - +0 cloak
rCorr   .            s - +0 pair of gloves
SInv    +            (no boots)
Will    +....        F - amulet of magic regeneration Stlth
                     t - ring of protection from fire
HPRegen 0.37/turn    I - +4 ring of slaying
MPRegen 0.52/turn

%: no passive effects
@: lethally poisoned (0 -> -14), slowed, very slow
A: horns 2, retaliatory headbutt, see invisible, strong-willed 1, noise
suppression
a: Renounce Religion, Bend Time, Temporal Distortion, Slouch, Step From Time


You were on level 11 of the Dungeon.
You worshipped Cheibriados.
Cheibriados was exalted by your worship.
You visited 2 branches of the dungeon, and saw 12 of its levels.

You collected 412 gold pieces.
You spent 129 gold pieces at shops.

Inventory:

Hand Weapons
 a - a +4 long sword of protection (weapon)
Missiles
 d - 3 throwing nets (quivered)
 e - a javelin
 i - 85 stones
 p - 5 boomerangs
 x - 34 poisoned darts
 G - a curare-tipped dart
 M - a silver boomerang
Armour
 b - a +0 leather armour
 c - a +0 hat (worn)
 g - a +3 scale mail
 h - a +2 ring mail
 n - a +0 troll leather armour
 s - a +0 pair of gloves (worn)
 v - a +0 cloak (worn)
 y - a +1 plate armour (worn)
 K - a +0 hat
Jewellery
 t - a ring of protection from fire (left hand)
 F - an amulet of magic regeneration (around neck)
 I - a +4 ring of slaying (right hand)
Wands
 f - a wand of digging (3)
 B - a wand of iceblast (12)
 E - a wand of flame (31)
 J - a wand of charming (10)
Scrolls
 w - 4 scrolls of identify
 D - 2 scrolls of magic mapping
 H - a scroll of brand weapon
Potions
 j - 2 potions of cancellation
 k - a potion of lignification
 l - 8 potions of ambrosia
 m - 2 potions of resistance
 o - 3 potions of curing
 q - 2 potions of attraction
 u - a potion of brilliance
 z - 3 potions of flight
 A - a potion of magic
 C - 2 potions of haste
 L - a potion of heal wounds


   Skills:
 + Level 12.8 Fighting
 + Level 13.1 Long Blades
 - Level 2.0 Throwing
 + Level 12.4 Armour
 - Level 8.4 Dodging


You had 7 spell levels left.
You knew the following spells:

 Your Spells              Type           Power      Damage    Failure   Level
a - Summon Small Mammal   Summ           0%         N/A       63%         1
b - Blink                 Tloc           0%         N/A       77%         2

Your spell library contained the following spells:

 Spells                   Type           Power      Damage    Failure   Level
 Apportation              Tloc           0%         N/A       63%         1
 Magic Dart               Conj           0%         1d3       63%         1
 Necrotise                Necr           0%         1d4       63%         1
 Shock                    Conj/Air       0%         1d3       63%         1
 Call Imp                 Summ           0%         N/A       77%         2
 Lesser Beckoning         Tloc           0%         N/A       77%         2
 Momentum Strike          Conj/Tloc      0%         3d8       77%         2
 Call Canine Familiar     Summ           0%         N/A       94%         3
 Mephitic Cloud           Conj/Pois/Air  0%         N/A       94%         3
 Summon Guardian Golem    Hex/Summ       0%         N/A       94%         3
 Swiftness                Air            0%         N/A       94%         3
 Airstrike                Air            0%         2d(0-16)  100%        4


Dungeon Overview and Level Annotations

Branches:
Dungeon (11/15)            Temple (1/1) D:4            Lair (0/5) D:11
    Orc (0/2) D:11

Altars:
Ashenzari
Cheibriados
Dithmenos
Elyvilon
Fedhas
Gozag
Hepliaklqana
Kikubaaqudgha
Okawaru
Trog
Vehumet
Wu Jian
Xom
Zin

Shops:
D:7 *

Annotations:
D:3 2 transporters
D:11 Sonja


Innate Abilities, Weirdness & Mutations

You have a pair of horns on your head.
You reflexively headbutt those who attack you in melee.
You have supernaturally acute eyesight. (SInv)
You are strong-willed. (Will+)
You passively dampen the noise of your surroundings.


Message History

Sonja closely misses you. You furiously retaliate!
You headbutt Sonja. Sonja misses you. Sonja hits you but does no damage.
You blink.
Sonja throws a curare-tipped dart.
The curare-tipped dart completely misses you.
Sonja hits you but does no damage. Space warps horribly around you!
Sonja misses you. Sonja barely misses you. Sonja completely misses you.
Sonja barely misses you. Sonja hits you but does no damage.
Space warps around you. Sonja hits you but does no damage.
Space warps horribly around you!
* * * LOW HITPOINT WARNING * * *
Sonja hits you with a +2 dagger of distortion.
* * * LOW HITPOINT WARNING * * *
Space warps around you.
* * * LOW HITPOINT WARNING * * *
Sonja hits you with a +2 dagger of distortion.
* * * LOW HITPOINT WARNING * * *
Sonja closely misses you.
Sonja hits you with a +2 dagger of distortion.
* * * LOW HITPOINT WARNING * * *
You blink.
As you read the scroll of fog, it crumbles to dust.
The scroll dissolves into smoke.
Sonja hits you but does no damage.
Sonja hits you with a +2 dagger of distortion.
* * * LOW HITPOINT WARNING * * *
You blink.
You are too injured to fight recklessly!
You feel yourself speed up.
Sonja throws a curare-tipped dart.
The curare-tipped dart hits you.
You are poisoned.
You have difficulty breathing.
* * * LOW HITPOINT WARNING * * *
You feel yourself slow down.
Sonja throws a curare-tipped dart.
The curare-tipped dart hits you.
You are more poisoned.
You have difficulty breathing.
* * * LOW HITPOINT WARNING * * *
You feel as though you will be slow longer.
You closely miss Sonja.
Sonja is moderately wounded.
You die...

#.....#.....#......#
#)#####.....#))....#
#.#.........#).....#
+.'.........#.....##
#.#.........#)....#
#.#.........#.....#
#.#.........#....)#
#.'.........#...<.#
#.###.......#...@.#
#..>#.......#...K.#
#).)#.......#....§######
....#########....§§....#
................§§.(...#
..########.......§§§...##
..# #......§§......# ..#
#..............# ..#
#..............#


You could see Sonja.

Vanquished Creatures
  Gastronok (D:11)
  A boulder beetle (D:7)
  2 two-headed ogres (D:11)
  A centaur warrior (D:11)
  An ugly thing (D:11)
  A komodo dragon (D:11)
  3 unseen horrors
  A queen bee (D:10)
  A meliai (D:11)
  3 trolls
  2 shadows
  2 wraiths
  14 yaks (D:10)
  Menkaure (D:4)
  A water moccasin (D:7)
  A sky beast (D:6)
  8 orc warriors
  A black bear (D:8)
  An ogre (D:5)
  A centaur (D:9)
  A phantom (D:7)
  4 kobold brigands
  Blork the orc (D:4)
  5 bullfrogs
  A gnoll sergeant (D:11)
  7 scorpions
  9 wights
  46 killer bees
  3 howler monkeys (D:11)
  2 electric eels (D:11)
  2 jellies (D:7)
  3 gnoll boudas
  2 hounds (D:5)
  6 orc priests
  4 iguanas
  Ijyb (D:5)
  11 orc wizards
  10 gnolls
  5 adders
  A shadow imp (D:5)
  A white imp (D:8)
  An ufetubus (D:6)
  2 worms (D:3)
  3 dart slugs
  59 orcs
  3 ball pythons
  5 endoplasms
  3 giant cockroaches
  3 hobgoblins
  3 jackals (D:3)
  16 kobolds
  3 quokkas
  9 bats
  2 frilled lizards (D:1)
  5 goblins
  4 rats
293 creatures vanquished.

Vanquished Creatures (others)
  A demonic plant (D:1)
  2 fungi (D:1)
  9 plants
  A withered plant (D:1)
13 creatures vanquished.

Grand Total: 306 creatures vanquished

Notes
Turn   | Place    | Note
-------+----------+-------------------------------------------
     0 | D:1      | YayJohn the Minotaur Gladiator began the quest for the Orb.
     0 | D:1      | Reached XP level 1. HP: 18/18 MP: 0/0
   210 | D:1      | Reached skill level 4 in Long Blades
   314 | D:1      | Reached XP level 2. HP: 25/25 MP: 1/1
   673 | D:1      | Found a faded altar of an unknown god.
   726 | D:1      | Reached XP level 3. HP: 26/31 MP: 2/2
   764 | D:1      | Prayed at the altar of an unknown god.
   764 | D:1      | Became a worshipper of Cheibriados the Contemplative
   764 | D:1      | Reached * piety under Cheibriados
  1191 | D:2      | Reached skill level 1 in Armour
  1387 | D:2      | Reached XP level 4. HP: 30/38 MP: 3/3
  1749 | D:3      | Learned a level 1 spell: Summon Small Mammal
  1834 | D:3      | Found a transporter.
  1835 | D:3      | Found a transporter.
  1835 | D:3      | Noticed a centaur
  1835 | D:3      | Noticed a bullfrog
  1836 | D:3      | Noticed a phantom
  1852 | D:3      | Found a radiant altar of Vehumet.
  1966 | D:3      | Reached ** piety under Cheibriados
  2378 | D:3      | Found a white marble altar of Elyvilon.
  2494 | D:4      | Reached XP level 5. HP: 46/46 MP: 4/4
  2548 | D:4      | Found a snail-covered altar of Cheibriados.
  2548 | D:4      | Found a shimmering altar of Xom.
  2548 | D:4      | Found a hazy altar of Hepliaklqana.
  2657 | D:4      | Noticed Menkaure
  2674 | D:4      | Killed Menkaure
  2675 | D:4      | Reached skill level 5 in Long Blades
  2675 | D:4      | Reached XP level 6. HP: 14/53 MP: 3/5
  2894 | D:4      | Found a staircase to the Ecumenical Temple.
  2992 | D:4      | Noticed Blork the orc
  3003 | D:4      | Killed Blork the orc
  3004 | D:4      | Reached skill level 5 in Dodging
  3525 | D:4      | Learned a level 2 spell: Blink
  3876 | Temple   | Entered the Ecumenical Temple
  4035 | D:5      | Entered Level 5 of the Dungeon
  4199 | D:5      | Reached skill level 5 in Fighting
  4238 | D:5      | Noticed Ijyb
  4246 | D:5      | Killed Ijyb
  4247 | D:5      | Reached XP level 7. HP: 53/61 MP: 6/6
  4263 | D:5      | Reached skill level 6 in Long Blades
  4544 | D:5      | Reached *** piety under Cheibriados
  5277 | D:6      | Reached skill level 5 in Armour
  5496 | D:6      | Reached XP level 8. HP: 64/70 MP: 7/7
  5831 | D:6      | Reached skill level 7 in Long Blades
  5980 | D:6      | Reached **** piety under Cheibriados
  6430 | D:7      | Found a blossoming altar of Fedhas.
  6460 | D:7      | Reached skill level 8 in Long Blades
  6460 | D:7      | Reached XP level 9. HP: 73/79 MP: 8/8
  6478 | D:7      | Found Puditeuf's CLEARANCE SALE!.
  6493 | D:7      | Bought a +0 cloak for 27 gold pieces
  6493 | D:7      | Bought a scroll of identify for 12 gold pieces
  6493 | D:7      | Bought a scroll of enchant armour for 45 gold pieces
  6493 | D:7      | Bought a scroll of enchant armour for 45 gold pieces
  6546 | D:7      | Noticed a boulder beetle
  6586 | D:7      | Killed a boulder beetle
  7452 | D:8      | Reached skill level 9 in Long Blades
  7824 | D:8      | Reached ***** piety under Cheibriados
  8014 | D:9      | Noticed a troll
  8022 | D:9      | Killed a troll
  8023 | D:9      | Reached XP level 10. HP: 89/91 MP: 9/9
  8457 | D:9      | Identified the +0 robe "Takicw" {rN+}
  8654 | D:9      | Reached skill level 10 in Long Blades
  8702 | D:9      | Found an opulent altar of Gozag.
  9228 | D:9      | Found an iron altar of Okawaru.
  9454 | D:10     | Entered Level 10 of the Dungeon
  9465 | D:10     | Gained mutation: You are strong-willed. (Will+) [potion of
                  | mutation]
  9465 | D:10     | Gained mutation: You have supernaturally acute eyesight.
                  | (SInv) [potion of mutation]
  9465 | D:10     | Gained mutation: You passively dampen the noise of your
                  | surroundings. [potion of mutation]
  9552 | D:10     | Reached skill level 10 in Fighting
  9601 | D:10     | Reached skill level 10 in Armour
  9885 | D:10     | Found a broken altar of Ashenzari.
  9945 | D:10     | Reached ****** piety under Cheibriados
  9946 | D:10     | Reached skill level 11 in Long Blades
 10097 | D:10     | Reached XP level 11. HP: 91/102 MP: 10/10
 10470 | D:11     | Noticed a purple ugly thing
 10477 | D:11     | Killed a purple ugly thing
 10660 | D:11     | Found a staircase to the Orcish Mines.
 10662 | D:11     | Reached skill level 12 in Long Blades
 10817 | D:11     | Noticed a centaur warrior
 10828 | D:11     | Killed a centaur warrior
 11121 | D:11     | Identified the staff of earth "Hogoush" {*Slow rCorr Dex+4}
 11163 | D:11     | Noticed a two-headed ogre
 11171 | D:11     | Killed a two-headed ogre
 11538 | D:11     | Noticed Gastronok
 11555 | D:11     | Killed Gastronok
 12003 | D:11     | Found a staircase to the Lair.
 12017 | D:11     | Reached skill level 13 in Long Blades
 12109 | D:11     | Noticed a two-headed ogre
 12117 | D:11     | Killed a two-headed ogre
 12159 | D:11     | Noticed Sonja
 12177 | D:11     | HP: 3/106 [asphyx]
 12178 | D:11     | Succumbed to Sonja's curare-tipped dart

Illustrated notes

Levels and vault maps discovered:
D:1:      lightli_arrival_statue_moat, layout_rooms,
          shapermc_ecumenical_altar_gd
D:2:      layout_basic
D:3:      layout_rooms, gammafunk_temple_overflow_arena,
          mainiacjoe_overflow_alcove_2, st_stairs_8
D:4:      layout_layer_cave, gammafunk_temple_overflow_forgotten,
          minmay_temple_entry_purple_smoke, grunt_decor_mini_mirrors,
          grunt_ministairs_12, nrook_campfire, uniq_menkaure, uniq_blork_the_orc
D:5:      layout_loops_ring, roderic_lattice_a, uniq_ijyb
D:6:      layout_rooms, due_unseen_surprise
D:7:      layout_loops_ring, fedhas_altar_2, nicolae_shop_clearance
D:8:      layout_gridville, nrook_loot_triangle
D:9:      layout_stronghold, mainiacjoe_overflow_brackets, kennysheep_mini_moat
D:10:     layout_roguey [special_room_bee], cheibrodos_ashenzari_chains
D:11:     layout_irregular_city, david_lair_shrubbed, erik_orc_2,
          nicolae_kite_square_tiling_tiny, minmay_mirror_moons_of_madness,
          uniq_gastronok, uniq_sonja
Temple:   oiseaux_autumnal_temple

Skill      XL: |  1  2  3  4  5  6  7  8  9 10 11 |
---------------+----------------------------------+-----
Long Blades    | 4 5 6 8 9 11 13 | 13.1
Fighting       | 3 4 5 6 7 9 11 12 | 12.8
Armour         | 1 2 3 5 6 8 10 12 | 12.4
Dodging        | 4 5 6 7 8 |  8.4
Throwing       | |  2.0

Action                     |  1- 3 |  4- 6 |  7- 9 | 10-12 || total
---------------------------+-------+-------+-------+-------++-------
  Melee: Long sword        |    74 |    92 |   251 |   309 ||   726
         Headbutt          |     6 |    21 |    61 |    80 ||   168
         Punch             |       |     1 |     2 |     2 ||     5
   Cast: Summon Small Mamm |       |     1 |       |       ||     1
         Blink             |       |       |     3 |       ||     3
 Invoke: Bend Time         |       |     1 |     2 |     1 ||     4
  Evoke: Wand              |       |       |       |     1 ||     1
    Use: Scroll            |     9 |    11 |    11 |     3 ||    34
         Potion            |       |     7 |     3 |     3 ||    13
 Armour: Leather armour    |     2 |       |       |       ||     2
         Ring mail         |    26 |    31 |    48 |       ||   105
         Scale mail        |       |       |    36 |       ||    36
         Plate armour      |       |       |    11 |   211 ||   222
  Dodge: Dodged            |    47 |    53 |   207 |   314 ||   621
